 Dungeon Crawl Stone Soup version 0.29-a0-350-g7790a0e70a (webtiles) character file.

Game seed: 14383330961888026387

93 zeratav the Shooter (level 4, 0/22 HPs)
             Began as a Deep Elf Hunter on Apr 22, 2022.
             Was a Priest of Hepliaklqana.
             Slain by Eustachio
             ... wielding a +0 rapier of electrocution
              (3 damage)
             ... on level 4 of the Dungeon.
             The game lasted 00:03:53 (1992 turns).

zeratav the Shooter (Deep Elf Hunter)               Turns: 1992, Time: 00:03:54

Health: 0/22       AC:  4    Str:  8    XL:     4   Next: 37%
Magic:  6/6        EV: 12    Int: 12    God:    Hepliaklqana [***...]
Gold:   122        SH:  0    Dex: 20    Spells: 3/3 levels left

rFire   + . .      SeeInvis .   a - +1 shortbow {bow}
rCold   . . .      Faith    .   (shield currently unavailable)
rNeg    . . .      Spirit   .   b - +0 leather armour
rPois   +          Reflect  .   (no helmet)
rElec   .          Harm     .   (no cloak)
rCorr   .          Rampage  .   x - +0 pair of gloves
Will    +....                   (no boots)
Stlth   ++........              p - amulet of Xeik {Acrobat +Blink rPois rF+ Int-2}
HPRegen 0.07/turn               k - ring of willpower
MPRegen 0.10/turn               (no ring)

@: no status effects
A: reduced essence
a: Renounce Religion, Evoke Blink, Recall Ancestor, Ancestor Identity,
Transference


You were on level 4 of the Dungeon.
You worshipped Hepliaklqana.
Hepliaklqana was most pleased with you.
You visited 1 branch of the dungeon, and saw 4 of its levels.

You collected 122 gold pieces.


   Skills:
 - Level 1.5 Fighting
 + Level 7.8 Bows
 - Level 2.4 Dodging
 - Level 1.2 Stealth


You had 3 spell levels left.
You didn't know any spells.
Your spell library was empty.

Inventory:

Hand Weapons
 a - a +1 shortbow (weapon) {bow}
 o - a +2 short sword of speed {short}
   (You found it on level 2 of the Dungeon)
Armour
 b - a +0 leather armour (worn)
 d - a +0 scale mail
   (You found it on level 1 of the Dungeon)
 j - a +0 ring mail
   (You found it on level 1 of the Dungeon)
 q - a +0 leather armour
   (You found it on level 2 of the Dungeon)
 t - a +0 ring mail
   (You found it on level 2 of the Dungeon)
 v - a +0 chain mail
   (You found it on level 2 of the Dungeon)
 x - a +0 pair of gloves (worn)
   (You found it on level 3 of the Dungeon)
 y - a +0 chain mail
   (You found it on level 3 of the Dungeon)
 A - a +0 robe
   (You found it on level 3 of the Dungeon)
 B - a +0 leather armour
   (You found it on level 3 of the Dungeon)
Jewellery
 k - a ring of willpower (left hand)
   (You found it on level 1 of the Dungeon)
 p - the amulet of Xeik (around neck) {Acrobat +Blink rPois rF+ Int-2}
   (You found it on level 2 of the Dungeon)

   [amulet of the acrobat]

   It increases your evasion while moving and waiting.
   Int:       It affects your intelligence (-2).
   rF:        It protects you from fire.
   rPois:     It protects you from poison.
   +Blink:    It lets you blink.
Scrolls
 c - 3 scrolls of immolation {!r!r}
 e - a scroll of torment {unknown}
 f - 2 scrolls of enchant weapon {unknown}
 g - 4 scrolls of vulnerability {unknown}
 i - a scroll of identify {unknown}
 l - a scroll of summoning {unknown}
 m - 2 scrolls of teleportation {unknown}
 n - 2 scrolls of noise {unknown}
 s - a scroll of holy word {unknown}
 w - 3 scrolls of magic mapping {unknown}
 z - a scroll of enchant armour {unknown}
Potions
 h - a potion of curing {@q1}
 r - a potion of berserk rage {unknown}
 u - a potion of flight {unknown}
 C - a potion of might {unknown}

Dungeon Overview and Level Annotations

Branches:
Dungeon (4/15)
 Temple: D:4-7

Altars:
Hepliaklqana

Annotations:
D:4 Eustachio

##.. ... .... #..## ##
..... ...# .### ......
... ...## ..†...
#.#####....#.. ......
#.#@@.........
......###...5R........
.........##.....####..
..............#.##..
.....)..##>.###......
#..........###.......
##.........# #.........
#..#..#....###....#....
.. #.##....##.....#....


You could see the friendly Merenptah the knight, Eustachio and an iron imp
(summoned, ally target).


Message History

t - Shout!
Orders for allies: a - Attack new target. r - Retreat! s - Stop attacking. g - Guard the area. f - Follow me.
Anything else - Cancel.
Gang up on whom?
Press: ? - help, Dir - move target, f - Eustachio
Aim: Eustachio, wielding a +0 rapier of electrocution and wearing a +3 leather armour of positive energy (asleep) Attack!
Eustachio shouts!
Shoot: a) +1 shortbow {bow}
Press: ? - help, Q - select action, (/) - cycle Shift-Dir - straight line, f/p - Eustachio
Aim: Eustachio, wielding a +0 rapier of electrocution and wearing a +3 leather armour of positive energy (ally target, 57% to hit)
You shoot an arrow. The arrow hits Eustachio.
Eustachio gestures wildly while chanting.
Eustachio blinks!
Shoot: a) +1 shortbow {bow}
Press: ? - help, Q - select action, (/) - cycle Shift-Dir - straight line, f/p - Eustachio
Aim: Eustachio, wielding a +0 rapier of electrocution and wearing a +3 leather armour of positive energy (lightly wounded, ally target, 57% to hit)
You shoot an arrow. The arrow barely misses Eustachio.
Eustachio casts a spell.
Shoot: a) +1 shortbow {bow}
Press: ? - help, Q - select action, (/) - cycle Shift-Dir - straight line, f/p - Eustachio
Aim: Eustachio, wielding a +0 rapier of electrocution and wearing a +3 leather armour of positive energy (lightly wounded, ally target, 57% to hit)
You shoot an arrow. The arrow hits Eustachio!
Merenptah closely misses Eustachio.
Eustachio casts a spell.
Eustachio blinks!
The white imp shouts, "Escape, thou rootless saucy gudgeon!"
The white imp hits you but does no damage.
Shoot: a) +1 shortbow {bow}
Press: ? - help, Q - select action, (/) - cycle Shift-Dir - straight line, f/p - Eustachio
Aim: Eustachio, wielding a +0 rapier of electrocution and wearing a +3 leather armour of positive energy (moderately wounded, ally target, 57% to hit)
You shoot an arrow. The arrow hits the white imp!
You kill the white imp!
The white imp disappears in a puff of smoke!
The iron imp hits you!
HP[-7]
You take 7 damage, and now have 15/22 hp.
MASSIVE DAMAGE!! (PAUSE) Shoot: a) +1 shortbow {bow}
Press: ? - help, Q - select action, (/) - cycle Shift-Dir - straight line, f/p - Eustachio
Aim: Eustachio, wielding a +0 rapier of electrocution and wearing a +3 leather armour of positive energy (moderately wounded, ally target, 57% to hit)
You shoot an arrow. The arrow hits Eustachio!
The iron imp barely misses you.
Merenptah misses Eustachio.
Shoot: a) +1 shortbow {bow}
Press: ? - help, Q - select action, (/) - cycle Shift-Dir - straight line, f/p - Eustachio
Aim: Eustachio, wielding a +0 rapier of electrocution and wearing a +3 leather armour of positive energy (heavily wounded, ally target, 57% to hit)
You shoot an arrow. The arrow completely misses Eustachio.
Eustachio drinks a potion.
Eustachio is healed!
The iron imp hits you.
* * * LOW HITPOINT WARNING * * *
Merenptah hits Eustachio but does no damage.
HP[-4]
You take 4 damage, and now have 11/22 hp.
Shoot: a) +1 shortbow {bow}
Press: ? - help, Q - select action, (/) - cycle Shift-Dir - straight line, f/p - Eustachio
Aim: Eustachio, wielding a +0 rapier of electrocution and wearing a +3 leather armour of positive energy (heavily wounded, ally target, 57% to hit)
You shoot an arrow. The arrow closely misses Eustachio.
Eustachio mumbles some strange words.
Eustachio blinks!
The iron imp barely misses you. What are your orders? t - Shout!
Orders for allies: a - Attack new target. r - Retreat! s - Stop attacking. g - Guard the area. f - Follow me.
Anything else - Cancel.
Gang up on whom?
Press: ? - help, Dir - move target, f - iron imp
Aim: an iron imp (summoned) Attack!
Merenptah hits the iron imp with a +0 flail!
The iron imp misses you.
Merenptah closely misses the iron imp.
The iron imp hits Merenptah!
Merenptah barely misses the iron imp.
Eustachio attacks as you move away! Eustachio completely misses you.
The iron imp closely misses you.
Merenptah closely misses the iron imp.
HP[+1] Merenptah hits the iron imp with a +0 flail.
The iron imp closely misses Merenptah.
Shoot: a) +1 shortbow {bow}
Press: ? - help, Q - select action, (/) - cycle Shift-Dir - straight line, f/p - iron imp
Aim: an iron imp (severely wounded, summoned, not watching you, ally target, 72% to hit)
You shoot an arrow.
The arrow hits the iron imp but does no damage.
Eustachio hits you with a +0 rapier of electrocution.
* * * LOW HITPOINT WARNING * * *
Merenptah hits the iron imp with a +0 flail.
HP[-2]
You take 2 damage, and now have 10/22 hp.
Shoot: a) +1 shortbow {bow}
Press: ? - help, Q - select action, (/) - cycle Shift-Dir - straight line, f/p - iron imp
Aim: an iron imp (severely wounded, summoned, ally target, 72% to hit)
You shoot an arrow. The arrow closely misses the iron imp.
Eustachio hits you with a +0 rapier of electrocution.
* * * LOW HITPOINT WARNING * * *
The iron imp hits you.
* * * LOW HITPOINT WARNING * * *
Eustachio hits you with a +0 rapier of electrocution.
You die...

Skill      XL: |  1  2  3 |
---------------+----------+-----
Bows           | 6 7 |  7.8
Fighting       | |  1.5
Dodging        | |  2.4
Stealth        | |  1.2

Action                   |  1- 3 |  4- 6 || total
-------------------------+-------+-------++-------
 Fire: Shortbow          |    60 |    22 ||    82
Invok: Ancestor Identity |     1 |       ||     1
       Ancestor Life: Kn |     1 |       ||     1
Armor: Leather armour    |     1 |     1 ||     2
Dodge: Dodged            |     3 |     5 ||     8

Levels and vault maps discovered:
D:1:      dpeg_arrival_long_road, layout_basic,
          ebering_ecumenical_altar_sacrificial, minmay_strange_pillars
D:2:      layout_basic
D:3:      layout_basic
D:4:      layout_cave_pools, corner_web_ring, uniq_ijyb, uniq_eustachio

Notes
Turn   | Place    | Note
-------+----------+-------------------------------------------
     0 | D:1      | zeratav the Deep Elf Hunter began the quest for the Orb.
     0 | D:1      | Reached XP level 1. HP: 12/12 MP: 3/3
     0 | D:1      | magus.rc [v1.9.6]
    33 | D:1      | Found a faded altar of an unknown god.
    68 | D:1      | Prayed at the altar of an unknown god.
    68 | D:1      | Became a worshipper of Hepliaklqana the Forgotten
    68 | D:1      | Reached * piety under Hepliaklqana
   165 | D:1      | Reached XP level 2. HP: 14/14 MP: 4/4
   201 | D:1      | Reached skill level 6 in Bows
   588 | D:2      | Reached XP level 3. HP: 18/18 MP: 5/5
   619 | D:2      | Reached skill level 7 in Bows
   631 | D:2      | Identified the amulet of Xeik {Acrobat +Blink rPois rF+
                  | Int-2}
   852 | D:2      | Reached ** piety under Hepliaklqana
   853 | D:2      | Remembered your ancestor Merenptah as a knight
  1289 | D:3      | Reached XP level 4. HP: 22/22 MP: 6/6
  1945 | D:4      | Reached *** piety under Hepliaklqana
  1976 | D:4      | Noticed Eustachio
  1992 | D:4      | HP: 3/22 [iron imp[Eustachio] (5)]
  1992 | D:4      | Slain by Eustachio

Vanquished Creatures
  3 adders
  2 worms
  A dart slug (D:3)
  5 endoplasms
  2 giant cockroaches
  3 goblins
  3 hobgoblins
  4 kobolds
  2 quokkas
  2 ball pythons
  6 frilled lizards
  4 rats
37 creatures vanquished.

Vanquished Creatures (collateral kills)
  2 adders
  A dart slug (D:2)
  A frilled lizard (D:1)
  A rat (D:1)
5 creatures vanquished.

Grand Total: 42 creatures vanquished

Table legend:
 A = Non-vault XP
 B = Vault XP
 C = Vault XP percentage of total XP
 D = Non-vault monster count
 E = Vault monster count
 F = Vault count percentage of total count
                 A         B        C        D         E       F
            +---------+---------+-------+---------+---------+-------
      Total |     134 |       0 |   0.0 |      42 |       0 |   0.0
            +---------+---------+-------+---------+---------+-------
        D:1 |      27 |       0 |   0.0 |      18 |       0 |   0.0
        D:2 |      59 |       0 |   0.0 |      13 |       0 |   0.0
        D:3 |      33 |       0 |   0.0 |       9 |       0 |   0.0
        D:4 |      15 |       0 |   0.0 |       2 |       0 |   0.0
            +---------+---------+-------+---------+---------+-------

Illustrated notes

Table legend:
 A = Kills in this place as a percentage of kills in entire the game.
 B = Kills by you in this place as a percentage of kills by you in the entire game.
 C = Kills by friends in this place as a percentage of kills by friends in the entire game.
 D = Other kills in this place as a percentage of other kills in the entire game.
 E = Experience gained in this place as a percentage of experience gained in the entire game.
 F = Experience gained in this place divided by the number of levels of this place that you have seen.
                   A       B       C       D       E      F
               +-------+-------+-------+-------+-------+----------------------
         Total | 100.0 | 100.0 | 100.0 |   N/A | 100.0 |  33.5
       Dungeon | 100.0 | 100.0 | 100.0 |   N/A | 100.0 |  33.5
               +-------+-------+-------+-------+-------+----------------------

Table legend: (Time is in decaauts)
 A = Elapsed time spent in this place.
 B = Non-inter-level travel time spent in this place.
 C = Inter-level travel time spent in this place.
 D = Time resting spent in this place.
 E = Time spent auto-exploring this place.
 F = Levels seen in this place.
 G = Mean time per level.
                   A        B        C        D        E       F      G
               +--------+--------+--------+--------+--------+-----+--------+
         Total |   2008 |   1940 |     68 |      0 |   1734 |   4 |  502.0 |
       Dungeon |   2008 |   1940 |     68 |      0 |   1734 |   4 |  502.0 |
               +--------+--------+--------+--------+--------+-----+--------+

Top non-repeatable levels by time:
     D:3: 801 daAuts
     D:2: 675 daAuts
     D:1: 482 daAuts
     D:4: 48 daAuts
